 Dungeon Crawl Stone Soup version 0.25-a0-589-g1e14c549ee (webtiles) character file.

Game seed: 1755510801513525556, levelgen mode: deterministic

140 Kohma the Ruffian (level 5, -2/49 HPs)
             Began as a Troll Transmuter on Mar 10, 2020.
             Slain by an orc
             ... wielding a +0 war axe of electrocution
              (8 damage)
             ... on level 3 of the Dungeon.
             The game lasted 00:03:47 (1543 turns).

Kohma the Ruffian (Troll Transmuter)                Turns: 1543, Time: 00:03:48

Health: -2/49      AC:  6    Str: 18    XL:     5   Next: 2%
Magic:  5/5        EV: 10    Int: 10    God:
Gold:   140        SH:  0    Dex: 10    Spells: 5/6 levels left

rFire    . . .     SeeInvis .     - Unarmed
rCold    . . .     Gourm    +   (no shield)
rNeg     . . .     Faith    .   b - +0 robe
rPois    .         Spirit   .   (helmet restricted)
rElec    .         Reflect  .   (no cloak)
rCorr    .         Harm     .   (gloves unavailable)
MR       .....                  (boots unavailable)
Stlth    +.........             (no amulet)
HPRegen  0.56/turn              (no ring)
MPRegen  0.09/turn              (no ring)

@: lethally poisoned (-2 -> -3)
A: large, unfitting armour, claws 3, fast metabolism 3, gourmand, regeneration
1, shaggy fur 1, tough skin 3
a: no special abilities


You were on level 3 of the Dungeon.
You were completely stuffed.

You visited 1 branch of the dungeon, and saw 3 of its levels.

You collected 140 gold pieces.

Inventory:

Missiles
 a - 12 arrows
 h - 50 poisoned darts (quivered)
Armour
 b - a +0 robe (worn)
Jewellery
 j - an uncursed amulet of faith {unknown}
 l - an uncursed ring of flight {unknown}
 u - an uncursed ring of positive energy {unknown}
 v - a cursed -2 ring of protection {unknown}
 w - an uncursed ring of fire {unknown}
 x - an uncursed amulet of harm {unknown}
Scrolls
 f - a scroll of fear {unknown}
 g - a scroll of noise {unknown}
 m - 4 scrolls of identify {unknown}
 o - a scroll of immolation {unknown}
 s - a scroll of enchant armour {unknown}
 y - a scroll of teleportation {unknown}
Potions
 c - 2 potions of resistance {unknown}
 e - 2 potions of flight {unknown}
 i - a potion of degeneration {unknown}
 n - a potion of lignification {unknown}
 p - a potion of curing {unknown}
 q - a potion of heal wounds {unknown}
 r - a potion of invisibility {unknown}
 t - a potion of stabbing {unknown}
Comestibles
 d - 6 rations
 k - 15 chunks of flesh


   Skills:
 + Level 2.2 Fighting
 - Level 1.5 Dodging
 * Level 5.0 Unarmed Combat
 - Level 1.2 Spellcasting
 - Level 1.3 Transmutations


You had 5 spell levels left.
You knew the following spells:

 Your Spells              Type           Power        Failure   Level  Hunger
a - Beastly Appendage     Tmut           #.....       19%         1    ##.....

Your spell library contained the following spells:

 Spells                   Type           Power        Failure   Level  Hunger
 Sticks to Snakes         Tmut           #.......     28%         2    ###....
 Spider Form              Tmut/Pois      #.........   58%         3    ####...
 Ice Form                 Ice/Tmut       #.......     94%         4    #####..
 Blade Hands              Tmut           #.........   99%         5    ######.


Dungeon Overview and Level Annotations

Branches:
Dungeon (3/15)

Altars:
Qazlal
Uskayaw


Innate Abilities, Weirdness & Mutations

You are too large for most types of armour.
You have claws for hands.
Your metabolism is lightning-fast.
You like to eat raw meat.
Your natural rate of healing is unusually fast.
You are covered in fur. (AC +1)
You have extremely tough skin. (AC +3)


Message History

Your Unarmed Combat skill increases to level 5!
You have reached level 5!
The bat misses you. The bat completely misses you.
You claw the bat!
You kill the bat!
You feel sick.
You barely miss the orc. The orc hits you.
You barely miss the orc. The orc closely misses you.
You claw the orc!
You kill the orc!
You feel sick.
The orc throws a boomerang.
The boomerang hits you.
The weapon returns to the orc!
You barely miss the orc.
The orc hits you with a +0 war axe of electrocution!
You are electrocuted!
* * * LOW HITPOINT WARNING * * *
You scratch the orc.
The orc is heavily wounded.
The orc hits you with a +0 war axe of electrocution!
You die...

... #.# #.# #.# #
#.# .### ##. #.#
#####.#.#
###...##.###........
........oo@.........
###...##o###.##....
# ##. #.# #.##.# .
.# # ..# #.##.###..#
.### #.........# ##
#........##
####.#####
#.########
#........# #


You could see 3 orcs.

Vanquished Creatures
  A worker ant (D:3)
  4 adders
  A worm (D:2)
  3 dart slugs (D:1)
  A leopard gecko (D:2)
  10 orcs (D:3)
  A ball python (D:1)
  7 giant cockroaches
  5 goblins
  3 hobgoblins
  4 jackals (D:1)
  7 bats
  4 frilled lizards
  7 kobolds
  3 rats
  2 bushes (D:1)
63 creatures vanquished.

Notes
Turn   | Place    | Note
-------+----------+-------------------------------------------
     0 | D:1      | Kohma the Troll Transmuter began the quest for the Orb.
     0 | D:1      | Reached XP level 1. HP: 18/18 MP: 1/1
    55 | D:1      | Reached skill level 1 in Fighting
   131 | D:1      | Reached XP level 2. HP: 27/27 MP: 2/2
   461 | D:1      | Reached XP level 3. HP: 33/33 MP: 3/3
   820 | D:2      | Reached skill level 4 in Unarmed Combat
   917 | D:2      | Found a hide-covered altar of Uskayaw.
  1141 | D:2      | Reached XP level 4. HP: 40/42 MP: 4/4
  1416 | D:3      | Found a stormy altar of Qazlal.
  1537 | D:3      | Reached skill level 5 in Unarmed Combat
  1537 | D:3      | Reached XP level 5. HP: 26/49 MP: 5/5
  1543 | D:3      | Slain by an orc

Levels and vault maps discovered:
D:1:      dpeg_arrival_shrine, layout_basic, serial_forest,
          infiniplex_forest_clump_diagonal, infiniplex_forest_lined_corner,
          infiniplex_forest_corner_1, infiniplex_forest_lined_2,
          infiniplex_forest_end_double, minmay_tetromino_t4
D:2:      layout_rooms, eat_drink_and_be_merry_uskayaw, first_ration,
          minivault_14
D:3:      layout_loops_corners, marbit_many_paths, grunt_qazlal_sundering,
          yredelemnul_forgotten_temple_becter

Skill      XL: |  1  2  3  4 |
---------------+-------------+-----
Fighting       | 1 2 |  2.2
Unarmed Combat | 4 5 |  5.0
Dodging        | |  1.5
Spellcasting   | |  1.2
Transmutations | |  1.3

Action                   |  1- 3 |  4- 6 || total
-------------------------+-------+-------++-------
Melee: Unarmed           |   205 |    60 ||   265
       Punch             |     6 |     1 ||     7
 Stab: Sleeping          |     1 |       ||     1
  Eat: Chunk             |    16 |     4 ||    20
Armor: Robe              |    67 |    16 ||    83
Dodge: Dodged            |    65 |    31 ||    96

Table legend:
 A = Non-vault XP
 B = Vault XP
 C = Vault XP percentage of total XP
 D = Non-vault monster count
 E = Vault monster count
 F = Vault count percentage of total count
                 A         B        C        D         E       F
            +---------+---------+-------+---------+---------+-------
      Total |     198 |       3 |   1.5 |      58 |       3 |   4.9
            +---------+---------+-------+---------+---------+-------
        D:1 |      39 |       3 |   7.1 |      20 |       3 |  13.0
        D:2 |      64 |       0 |   0.0 |      16 |       0 |   0.0
        D:3 |      95 |       0 |   0.0 |      22 |       0 |   0.0
            +---------+---------+-------+---------+---------+-------
